 Dungeon Crawl Stone Soup version 0.25-a0-424-g80bd347ae0 (webtiles) character file.

Game seed: 2265965627814140009, levelgen mode: deterministic

14 Lugonue the Sneak (level 2, -1/26 HPs)
             Began as a Deep Dwarf Assassin on Jan 21, 2020.
             Slain by a kobold (2 damage)
             ... on level 1 of the Dungeon.
             The game lasted 00:02:00 (209 turns).

Lugonue the Sneak (Deep Dwarf Assassin)              Turns: 209, Time: 00:02:01

Health: -1/26      AC:  3    Str: 14    XL:     2   Next: 27%
Magic:  2/2        EV: 12    Int: 11    God:
Gold:   27         SH:  0    Dex: 14    Spells: 1/1 levels left

rFire    . . .     SeeInvis .   a - +2 dagger
rCold    . . .     Gourm    .   (no shield)
rNeg     . . .     Faith    .   b - +0 robe
rPois    .         Spirit   .   (no helmet)
rElec    .         Reflect  .   c - +0 cloak
rCorr    .         Harm     .   (no gloves)
MR       .....                  (no boots)
Stlth    +++.......             (no amulet)
HPRegen  0.00/turn              (no ring)
MPRegen  0.08/turn              (no ring)

@: non-regenerating
A: damage resistance, heal wounds, sense surroundings 1, no regeneration
a: Heal Wounds


You were on level 1 of the Dungeon.
You were not hungry.

You visited 1 branch of the dungeon, and saw 1 of its levels.

You collected 27 gold pieces.

Inventory:

Hand Weapons
 a - a +2 dagger (weapon)
Missiles
 d - 24 poisoned darts (quivered)
 e - 2 curare-tipped darts
Armour
 b - a +0 robe (worn)
 c - a +0 cloak (worn)
Scrolls
 g - 2 scrolls of remove curse {unknown}
 h - a scroll of teleportation {unknown}
Comestibles
 f - a ration


   Skills:
 + Level 1.7 Fighting
 + Level 1.9 Short Blades
 + Level 1.8 Throwing
 + Level 1.2 Dodging
 + Level 5.5 Stealth


You had one spell level left.
You didn't know any spells.
Your spell library was empty.

Dungeon Overview and Level Annotations

Branches:
Dungeon (1/15)

Altars:


Innate Abilities, Weirdness & Mutations

You are resistant to damage.
You can heal yourself by infusing magical energy.
You passively map a small area around you.
You do not regenerate.


Message History

The kobold closely misses you. The rat bites you. The kobold barely misses you.
The rat bites you but does no damage. The kobold hits you.
The rat closely misses you. The kobold barely misses you.
The rat closely misses you. The kobold misses you. The rat closely misses you.
The kobold barely misses you. The rat bites you.
* * * LOW HITPOINT WARNING * * *
The kobold barely misses you. The rat bites you.
* * * LOW HITPOINT WARNING * * *
The kobold barely misses you. The rat barely misses you.
The kobold barely misses you. The rat misses you. The kobold hits you.
* * * LOW HITPOINT WARNING * * *
The rat barely misses you. The kobold hits you. The rat bites you.
* * * LOW HITPOINT WARNING * * *
The kobold closely misses you. The rat barely misses you.
The kobold barely misses you. The rat bites you. The kobold hits you.
You die...

* * , * ##### * *
..##### $..###... , ,
....... * #....rK##
,..##### * # #@.#
#.... , * #.##.##
#.### .###.##..# #.#
.........##########.#
.........##.†.......#
#........)..#########
#........)###
#..........#
#..........#


You could see a kobold and a rat.

Vanquished Creatures
  A leopard gecko (D:1)
  A ball python (D:1)
  A hobgoblin (D:1)
  4 jackals (D:1)
  A kobold (D:1)
  A bat (D:1)
  2 rats (D:1)
11 creatures vanquished.

Notes
Turn   | Place    | Note
-------+----------+-------------------------------------------
     0 | D:1      | Lugonue the Deep Dwarf Assassin began the quest for the
                  | Orb.
     0 | D:1      | Reached XP level 1. HP: 19/19 MP: 1/1
    97 | D:1      | Reached skill level 5 in Stealth
   116 | D:1      | Reached XP level 2. HP: 21/26 MP: 2/2
   206 | D:1      | HP: 1/26 [rat (1)]
   209 | D:1      | Slain by a kobold

Levels and vault maps discovered:
D:1:      giann_forest_graveyard, layout_rooms

Skill      XL: |  1 |
---------------+----+-----
Stealth        | 5 |  5.5
Fighting       | |  1.7
Short Blades   | |  1.9
Throwing       | |  1.8
Dodging        | |  1.2

Action                   || total
-------------------------++-------
Melee: Dagger            ||    34
 Stab: Sleeping          ||     3
Armor: Robe              ||    13
Dodge: Dodged            ||    78

Table legend:
 A = Non-vault XP
 B = Vault XP
 C = Vault XP percentage of total XP
 D = Non-vault monster count
 E = Vault monster count
 F = Vault count percentage of total count
                 A         B        C        D         E       F
            +---------+---------+-------+---------+---------+-------
      Total |      20 |       0 |   0.0 |      11 |       0 |   0.0
            +---------+---------+-------+---------+---------+-------
        D:1 |      20 |       0 |   0.0 |      11 |       0 |   0.0
            +---------+---------+-------+---------+---------+-------
